 Dungeon Crawl Stone Soup version 0.30-a0-913-g9934a0ce24 (webtiles) character file.

Game seed: 7018147805011777136

1528 bobarctor the Thaumaturge (level 8, 0/37 (41) HPs)
             Began as a Deep Elf Necromancer on Mar 19, 2023.
             Slain by a wight
             ... wielding a +3 mace
              (12 damage)
             ... on level 6 of the Dungeon.
             The game lasted 00:26:44 (5693 turns).

bobarctor the Thaumaturge (Deep Elf Necromancer)    Turns: 5693, Time: 00:26:44

HP:   0/37 (41)     AC:  7    Str:  5    XL:     8   Next: 55%
MP:   24/24         EV: 13    Int: 23    God:
Gold: 283           SH:  0    Dex: 15    Spells: 1/27 levels left

rFire   . . .      SeeInvis .    y - +4 falchion (drain)
rCold   . . .      Faith    .    (no shield)
rNeg    . . .      Spirit   .    C - +2 robe {Will+}
rPois   .          Reflect  .    k - +1 helmet
rElec   .          Rampage  .    (no cloak)
rCorr   .                        v - +0 pair of gloves
Will    +....                    (no boots)
Stlth   ++                       (no amulet)
HPRegen 0.26/turn                (no ring)
MPRegen 0.19/turn                (no ring)

@: drained
A: no striking features
a: no special abilities


You were on level 6 of the Dungeon.
You visited 1 branch of the dungeon, and saw 6 of its levels.

You collected 283 gold pieces.

Inventory:

Hand Weapons
 c - a +0 whip
 s - a +2 hand axe of freezing
 y - a +4 falchion of draining (weapon)
 B - a +0 whip of freezing
Missiles
 q - 3 poisoned darts
 z - 5 boomerangs
Armour
 a - a +0 robe
 k - a +1 helmet (worn)
 v - a +0 pair of gloves (worn)
 x - the +0 plate armour of a treasure trove {+Blink rC- rN++ Regen+}
   (You found it on level 5 of the Dungeon)

   rC:        It makes you vulnerable to cold.
   rN:        It greatly protects you from negative energy.
   +Blink:    It lets you blink.
   Regen:     It increases your rate of health regeneration.
 C - a +2 robe of willpower (worn)
Magical Staves
 m - a staff of conjuration
Wands
 A - a wand of light (7)
Scrolls
 e - 6 scrolls of identify {unknown}
 f - a scroll of magic mapping {unknown}
 h - 2 scrolls of enchant weapon {unknown}
 i - 2 scrolls of teleportation {unknown}
 n - a scroll of blinking {unknown}
 r - a scroll of acquirement {unknown}
 u - a scroll of silence {unknown}
 w - a scroll of immolation {unknown}
Potions
 b - 4 potions of magic
 d - 2 potions of curing {unknown}
 g - 3 potions of heal wounds {unknown}
 j - a potion of attraction {unknown}
 l - a potion of degeneration {unknown}
 o - 3 potions of flight {unknown}
 p - a potion of invisibility {unknown}
 t - 2 potions of mutation {unknown}
 D - a potion of haste {unknown}


   Skills:
 - Level 0.2 Long Blades
 + Level 2.7 Dodging
 + Level 3.1 Stealth
 * Level 10.0 Spellcasting
 * Level 3.3 Conjurations
 + Level 7.1 Necromancy
 * Level 3.1 Air Magic
 * Level 4.0 Poison Magic


You had one spell level left.
You knew the following spells:

 Your Spells              Type           Power      Damage    Failure   Level
a - Necrotise             Necr           100%       1d9       1%          1
b - Poisonous Vapours     Pois/Air       56%        N/A       1%          2
c - Vampiric Draining     Necr           44%        2d9       1%          3
d - Mephitic Cloud        Conj/Pois/Air  27%        N/A       4%          3
e - Cigotuvi's Dreadful   Necr/Pois/Air  66%        N/A       1%          2
f - Animate Dead          Necr           44%        N/A       3%          4
g - Agony                 Necr           44%        N/A       9%          5
h - Dazzling Flash        Conj/Hex       38%        N/A       9%          3
i - Ignite Poison         Fire/Tmut/Pois 17%        N/A       10%         3

Your spell library contained the following spells:

 Spells                   Type           Power      Damage    Failure   Level
 Kindle Blastsparks       Fire/Tloc/Air  32%        2d12      11%         3
 Iskenderun's Mystic Bla  Conj/Tloc      19%        2d6       28%         4
 Freezing Cloud           Conj/Ice/Air   10%        6-21      54%         5
 Starburst                Conj/Fire      9%         6d5       99%         6


Dungeon Overview and Level Annotations

Branches:
Dungeon (6/15)
 Temple: D:4-7

Altars:
Dithmenos
Gozag
Okawaru
Qazlal
Vehumet


Message History

You hit the wight.
You destroy the wight!
Your Spellcasting skill increases to level 10!
Your Poison Magic skill increases to level 4!
Things that are here:
a +1 hand axe; a +0 robe
Things that are here:
a +1 hand axe; a +0 robe You start resting.
Magic restored.
HP restored.
A wight and an adder come into view.
Aiming: Necrotise (safe; 1% risk of failure)
Press: ? - help, Q - select action, (/) - cycle Shift-Dir - straight line, f - you
Okay, then.
The adder hisses angrily.
A wight comes into view. It is wielding a +3 mace.
Things that are here:
a +1 hand axe; a +0 robe
Casting: Necrotise (safe; 1% risk of failure)
Confirm with . or Enter, or press ? or * to list all spells.
Aiming: Necrotise (safe; 1% risk of failure)
Press: ? - help, Shift-Dir - straight line, f - adder
Aim: an adder (chance to affect: 88%)
The adder writhes in agony.
Casting: Necrotise (safe; 1% risk of failure)
Confirm with . or Enter, or press ? or * to list all spells.
Aiming: Necrotise (safe; 1% risk of failure)
Press: ? - help, Shift-Dir - straight line, f/p - adder
Aim: an adder (lightly wounded, chance to affect: 88%)
The adder writhes in agony.
The adder barely misses you.
You hit the adder. You drain the adder.
You kill the adder!
The wight barely misses you.
You closely miss the wight. The wight hits you with a +3 mace!
You feel drained.
You closely miss the wight. The wight hits you with a +3 mace!
You feel drained.
You barely miss the wight. The wight hits you with a +3 mace!
You die...

## #.### ##.
#.####### # ##.#
##.##...#
#.####..# #......#
#......# #.#.#..#
#....<## #†._...#
##.....###.#.#..#
#...#.@##..z.z.#
#...####z#.####.##
#...# ##..# #.z##
#....# #.## #.S.#
....>.# #.# ##...#
.#####.# ..#
##...## ##
..####..### ##
#..## #.z#


You could see a wight.

Vanquished Creatures
  Pikel (D:5)
  Prince Ribbit (D:5)
  Eustachio (D:5)
  A black bear (D:5)
  A lemure (D:6)
  A scorpion (D:5)
  A wight (D:6)
  A howler monkey (D:6)
  An orc priest (D:4)
  2 jellies (D:5)
  A hound (D:5)
  4 iguanas (D:5)
  Ijyb (D:5)
  Natasha (thrice) (D:4)
  Robin (D:2)
  10 adders
  2 worms (D:3)
  3 dart slugs
  12 orcs
  3 ball pythons
  4 endoplasms
  5 giant cockroaches
  11 goblins
  6 hobgoblins
  10 jackals
  2 kobolds
  3 quokkas
  12 bats
  A frilled lizard (D:3)
105 creatures vanquished.

Vanquished Creatures (collateral kills)
  A dart slug (D:3)
  2 orcs (D:3)
  An endoplasm (D:3)
  A goblin (D:2)
  A hobgoblin (D:2)
  A jackal (D:4)
  A kobold (D:3)
8 creatures vanquished.

Grand Total: 113 creatures vanquished

Notes
Turn   | Place    | Note
-------+----------+-------------------------------------------
     0 | D:1      | bobarctor the Deep Elf Necromancer began the quest for the
                  | Orb.
     0 | D:1      | Reached XP level 1. HP: 10/10 MP: 6/6
   132 | D:1      | Reached skill level 5 in Necromancy
   500 | D:1      | Reached XP level 2. HP: 13/15 MP: 5/8
  1108 | D:1      | Learned a level 2 spell: Poisonous Vapours
  1378 | D:2      | Reached XP level 3. HP: 19/19 MP: 5/10
  1568 | D:2      | Learned a level 3 spell: Vampiric Draining
  1572 | D:2      | Learned a level 3 spell: Mephitic Cloud
  1583 | D:2      | Reached skill level 4 in Spellcasting
  1819 | D:2      | Found an opulent altar of Gozag.
  1910 | D:2      | Noticed Robin
  1924 | D:2      | Reached XP level 4. HP: 24/24 MP: 4/12
  1951 | D:2      | Killed Robin
  2353 | D:3      | Reached skill level 5 in Spellcasting
  2503 | D:3      | Reached skill level 1 in Poison Magic
  2536 | D:3      | Found a faded altar of an unknown god.
  2754 | D:3      | Found a stormy altar of Qazlal.
  2820 | D:4      | Reached XP level 5. HP: 28/28 MP: 12/14
  3077 | D:4      | Found a radiant altar of Vehumet.
  3244 | D:4      | Reached skill level 6 in Spellcasting
  3307 | D:4      | Noticed Natasha
  3314 | D:4      | Killed Natasha
  3315 | D:4      | Reached skill level 1 in Air Magic
  3857 | D:4      | Noticed Natasha
  3863 | D:4      | Killed Natasha
  3864 | D:4      | Reached XP level 6. HP: 17/32 MP: 11/17
  3950 | D:4      | Found a shadowy altar of Dithmenos.
  4044 | D:4      | Noticed Natasha
  4047 | D:4      | Killed Natasha
  4296 | D:5      | Entered Level 5 of the Dungeon
  4489 | D:5      | Identified the +0 plate armour of a treasure trove {+Blink
                  | rC- rN++ Regen+}
  4532 | D:5      | Noticed Eustachio
  4539 | D:5      | Killed Eustachio
  4540 | D:5      | Reached skill level 7 in Spellcasting
  4540 | D:5      | Reached skill level 1 in Conjurations
  4582 | D:5      | Reached XP level 7. HP: 27/36 MP: 11/20
  4755 | D:5      | Noticed Ijyb
  4766 | D:5      | Killed Ijyb
  4867 | D:5      | Noticed Pikel
  4870 | D:5      | Noticed Prince Ribbit
  4882 | D:5      | Killed Prince Ribbit
  4883 | D:5      | Reached skill level 8 in Spellcasting
  5034 | D:5      | Killed Pikel
  5035 | D:5      | Reached skill level 9 in Spellcasting
  5035 | D:5      | Reached XP level 8. HP: 15/41 MP: 10/23
  5148 | D:5      | Learned a level 2 spell: Cigotuvi's Dreadful Rot
  5153 | D:5      | Learned a level 4 spell: Animate Dead
  5159 | D:5      | Learned a level 5 spell: Agony
  5163 | D:5      | Learned a level 3 spell: Dazzling Flash
  5167 | D:5      | Learned a level 3 spell: Ignite Poison
  5578 | D:6      | Found an iron altar of Okawaru.
  5635 | D:6      | Reached skill level 10 in Spellcasting
  5693 | D:6      | Slain by a wight

Illustrated notes

Levels and vault maps discovered:
D:1:      nagdon_arrival_zigzag_paths, layout_basic, kennysheep_flooded_box
D:2:      layout_loops_ring, basic_altar, uniq_robin
D:3:      layout_basic, nicolae_qazlal_scattered_showers,
          chequers_ecumenical_altar_lobes
D:4:      layout_layer_cave, nicolae_vehumet_altar_sigil,
          nicolae_dithmenos_through_a_glass_darkly, uniq_natasha
D:5:      layout_basic, hangedman_decor_opposing,
          chequers_serial_rivers_large_b, uniq_ijyb, uniq_eustachio, uniq_pikel,
          uniq_prince_ribbit1
D:6:      layout_layer_cave, okawaru_metal_pillars_1_2,
          minmay_temple_entry_wispy, gammafunk_ghost_necromancy

Skill      XL: |  1  2  3  4  5  6  7  8 |
---------------+-------------------------+-----
Necromancy     | 5 6 7 |  7.1
Spellcasting   | 4 5 6 7 9 10 | 10.0
Poison Magic   | 1 2 3 4 |  4.0
Air Magic      | 1 3 |  3.1
Conjurations   | 1 2 3 |  3.3
Stealth        | 3 |  3.1
Long Blades    | |  0.2
Dodging        | |  2.7

Action                     |  1- 3 |  4- 6 |  7- 9 || total
---------------------------+-------+-------+-------++-------
  Melee: Whip              |     1 |     7 |       ||     8
         Hand axe          |       |     7 |       ||     7
         Falchion          |       |     1 |    28 ||    29
   Cast: Necrotise         |    65 |   108 |    28 ||   201
         Mephitic Cloud    |     1 |     5 |     2 ||     8
         Vampiric Draining |       |       |    10 ||    10
         Poisonous Vapours |       |       |     1 ||     1
   Stab: Sleeping          |       |     1 |       ||     1
 Armour: Robe              |     3 |     4 |    27 ||    34
  Dodge: Dodged            |     4 |    10 |    62 ||    76

Table legend: (Time is in decaauts)
 A = Elapsed time spent in this place.
 B = Non-inter-level travel time spent in this place.
 C = Inter-level travel time spent in this place.
 D = Time resting spent in this place.
 E = Time spent auto-exploring this place.
 F = Levels seen in this place.
 G = Mean time per level.
                   A        B        C        D        E       F      G
               +--------+--------+--------+--------+--------+-----+--------+
         Total |   5727 |   5602 |    125 |    498 |   4180 |   6 |  954.5 |
       Dungeon |   5727 |   5602 |    125 |    498 |   4180 |   6 |  954.5 |
               +--------+--------+--------+--------+--------+-----+--------+

Top non-repeatable levels by time:
     D:4: 1495 daAuts
     D:5: 1228 daAuts
     D:1: 1143 daAuts
     D:2: 1017 daAuts
     D:3: 639 daAuts
     D:6: 202 daAuts
